 Dungeon Crawl Stone Soup version 0.31-a0-1169-gd935f9fcdc (webtiles) character file.

Game seed: 13987154574242243734

3039 Conn the Conjurer (level 9, -3/54 HPs)
             Began as an Octopode Fire Elementalist on Dec 10, 2023.
             Shot with a bolt by an orc warrior (19 damage)
             ... on level 8 of the Dungeon.
             The game lasted 00:25:51 (9462 turns).

Conn the Conjurer (Octopode Fire Elementalist)      Turns: 9462, Time: 00:25:53

Health: -3/54      AC:  2    Str:  7      XL:     9   Next: 86%
Magic:  27/27      EV: 14    Int: 14 (21) God:
Gold:   80         SH:  0    Dex: 12 (13) Spells: 4/20 levels left

rFire   . . .        v - +4 long sword of the Sharp God {venom, Fragile rPois rC+}
rCold   + . .        (no shield)
rNeg    . . .        f - +1 hat
rPois   +            g - amulet of faith
rElec   .            c - ring of protection from fire
rCorr   .            y - ring of magical power
SInv    .            (no ring)
Will    .....        (no ring)
Stlth   ++           (no ring)
HPRegen 0.29/turn    (no ring)
MPRegen 0.20/turn    (no ring)
                     (no ring)

%: faith
@: confused, ambrosia-drunk
A: almost no armour, amphibious, 8 rings, camouflage 1, gelatinous body 1,
(nimble swimmer 1), tentacles, deterioration 1, heat vulnerability 1, subdued
magic 1, MP-powered wands
a: no special abilities


You were on level 8 of the Dungeon.
You visited 2 branches of the dungeon, and saw 9 of its levels.
You also visited: Sewer.

You collected 360 gold pieces.
You spent 280 gold pieces at shops.

Inventory:

Hand Weapons
 b - a +0 short sword
 q - a +3 quarterstaff of chaos
 t - the +2 dagger of Callousness {flame, rElec rN+ Str-4 Int+3}
   (You found it in a sewer)

   Str-4:     It affects your strength (-4).
   Int+3:     It affects your intelligence (+3).
   rElec:     It insulates you from electricity.
   rN+:       It protects you from negative energy.
 v - the +4 long sword of the Sharp God (weapon) {venom, Fragile rPois rC+}
   (You found it on level 6 of the Dungeon)

   rC+:       It protects you from cold.
   rPois:     It protects you from poison Fragile: It will be destroyed if
   unequipped.
Missiles
 x - 3 throwing nets
Armour
 f - a +1 hat (worn)
Jewellery
 c - a ring of protection from fire (left tentacle)
 g - an amulet of faith (around mantle)
 y - a ring of magical power (right tentacle)
Wands
 r - a wand of iceblast (9)
 u - a wand of mindburst (9)
Scrolls
 e - 3 scrolls of revelation
 h - 4 scrolls of identify
 k - a scroll of immolation
 l - a scroll of torment
 o - 4 scrolls of fog {unknown}
 p - 2 scrolls of noise
 s - a scroll of vulnerability
 w - a scroll of teleportation
Potions
 a - 3 potions of magic
 i - 2 potions of resistance
 j - a potion of enlightenment
 m - a potion of haste
 n - a potion of brilliance


   Skills:
 + Level 1.7 Fighting
 + Level 1.7 Long Blades
 + Level 5.2 Dodging
 - Level 5.4 Stealth
 * Level 6.1 Spellcasting
 * Level 6.1 Conjurations
 + Level 4.0 Hexes
 + Level 2.6 Summonings
 + Level 5.7 Fire Magic
 + Level 1.9 Ice Magic


You had 4 spell levels left.
You knew the following spells:

 Your Spells              Type           Power      Damage    Failure   Level
a - Foxfire               Conj/Fire      64%        2x1d7     1%          1
b - Scorch                Fire           30%        2d6       1%          2
c - Inner Flame           Hex/Fire       13%        N/A       4%          3
d - Flame Wave            Conj/Fire      16%        2d7       12%         4
e - Summon Guardian Gole  Hex/Summ       10%        N/A       10%         3
f - Ozocubu's Armour      Ice            7%         N/A       17%         3

Your spell library contained the following spells:

 Spells                   Type           Power      Damage    Failure   Level
 Volatile Blastmotes      Fire/Tloc      18%        2d11      12%         3
 Orb of Destruction       Conj           8%         9d6       100%        7
 Ozocubu's Refrigeration  Ice            3%         4d8       100%        7
 Spellforged Servitor     Conj/Summ      6%         N/A       100%        7


Dungeon Overview and Level Annotations

Branches:
Dungeon (8/15)             Temple (1/1) D:6           Sewer (visited)
   Lair: D:8-11

Altars:
Ashenzari
Cheibriados
Dithmenos
Elyvilon
Fedhas
Gozag
Hepliaklqana
Kikubaaqudgha
Makhleb
Nemelex Xobeh
Okawaru
Qazlal
Ru
Trog
Uskayaw
Vehumet
Wu Jian
Xom
Yredelemnul
Zin
The Shining One

Shops:
D:1 =   D:4 *   D:7 *   D:8 (

Annotations:
D:8 Maggie


Innate Abilities, Weirdness & Mutations

You cannot wear most types of armour.
You are amphibious.
You can wear up to eight rings at the same time.
Your skin changes colour to match your surroundings (Stealth+).
Your rubbery body absorbs attacks. (AC +1, EV +1)
((You are camouflaged when in or above water. (Stealth+)))
You have tentacles for arms and can constrict up to eight enemies at once.
Your body sometimes deteriorates upon taking damage.
You are vulnerable to heat. (rF-)
Your spells are a little easier to cast, but a little less powerful.
You expend magic power (3 MP) to strengthen your wands.


Message History

The orc warrior is moderately wounded. (Press . to intensify the flame waves.)
The orc warrior unwields a +0 arbalest.
The orc warrior wields a +0 long sword.
The orc warrior hits you with a +0 long sword!
A wave of flame ripples out!
The flame wave engulfs the orc warrior but does no damage.
The orc warrior is moderately wounded.
Unknown command.
A wave of flame ripples out!
The flame wave engulfs the orc warrior.
The orc warrior is burned terribly!
The orc warrior is heavily wounded.
You finish channelling waves of flame.
The orc warrior is no longer more vulnerable to fire.
The orc warrior hits you with a +0 long sword!
Unknown command.
You are confused.
You feel invigorated. The orc warrior barely misses you.
Unknown command.
You hit the orc warrior.
The orc warrior is poisoned.
The orc warrior is heavily wounded.
The orc warrior closely misses you.
The orc wizard points at you and mumbles some strange words.
The puff of flame misses you. The orc warrior completely misses you.
Unknown command.
The orc wizard gestures wildly while chanting.
The orc wizard flickers and vanishes!
Deactivating autopickup; reactivate with Ctrl-A.
The orc warrior unwields a +0 long sword.
The orc warrior wields a +0 arbalest.
The orc warrior shoots a bolt.
The bolt hits you!
Unknown command.
Unknown command.
Unknown command.
You bump into the rock wall.
A magic dart appears from out of thin air!
The magic dart hits you.
* * * LOW HITPOINT WARNING * * *
Your body deteriorates!
You feel clumsy.
The orc warrior shoots a bolt.
The bolt hits you!!
You die...

#..~....#
#.......#
#..~....#
#.......#####
#..~........#
####...>{....@#
o............<#
#...<.....o#
#..........#
###...######
#..... ........
##...#....#
....<.....#


You could see an orc warrior (very poisoned).

Vanquished Creatures
  Prince Ribbit (D:7)
  A steam dragon (D:7)
  A water moccasin (D:7)
  2 sky beasts (D:7)
  4 orc warriors
  A black bear (D:6)
  2 ogres
  3 centaurs (D:7)
  4 phantoms
  A kobold brigand (D:4)
  3 bullfrogs
  2 hounds
  Crazy Yiuf (D:2)
  2 orc priests (D:7)
  2 jellies
  A gnoll bouda (D:5)
  7 orc wizards
  4 iguanas (D:5)
  Ijyb (D:3)
  13 gnolls
  14 adders
  4 ufetubi
  4 dart slugs
  33 orcs
  10 endoplasms
  20 giant cockroaches
  8 goblins
  4 hobgoblins
  2 jackals (D:1)
  6 quokkas
  5 ball pythons
  3 bats
  11 frilled lizards
  10 kobolds
  5 rats
195 creatures vanquished.

Vanquished Creatures (collateral kills)
  A foxfire (D:5)
1 creature vanquished.

Vanquished Creatures (others)
  449 foxfires
449 creatures vanquished.

Grand Total: 645 creatures vanquished

Notes
Turn   | Place    | Note
-------+----------+-------------------------------------------
     0 | D:1      | Conn the Octopode Fire Elementalist began the quest for the
                  | Orb.
     0 | D:1      | Reached XP level 1. HP: 11/11 MP: 3/3
    90 | D:1      | Reached XP level 2. HP: 17/17 MP: 0/5
   220 | D:1      | Reached XP level 3. HP: 19/21 MP: 0/6
   594 | D:1      | Found a faded altar of an unknown god.
   845 | D:1      | Found Sagosaopt's Jewellery Emporium.
  1111 | D:2      | Reached XP level 4. HP: 24/27 MP: 7/7
  1871 | D:2      | Found a runed translucent door.
  1872 | D:2      | Noticed Crazy Yiuf
  1877 | D:2      | Learned a level 2 spell: Scorch
  1881 | D:2      | Learned a level 3 spell: Inner Flame
  2032 | D:2      | Killed Crazy Yiuf
  2153 | D:3      | Reached XP level 5. HP: 31/31 MP: 7/9
  2384 | D:3      | Noticed Ijyb
  2390 | D:3      | Killed Ijyb
  2554 | D:3      | Found a glowing drain.
  2564 | Sewer    | Entered a sewer
  2585 | Sewer    | Reached XP level 6. HP: 36/36 MP: 4/10
  3096 | Sewer    | Reached skill level 5 in Stealth
  3096 | Sewer    | Reached skill level 1 in Hexes
  3098 | Sewer    | Identified the +2 dagger of Callousness {flame, rElec rN+
                  | Str-4 Int+3}
  3304 | D:3      | Reached XP level 7. HP: 30/41 MP: 0/12
  3636 | D:3      | Learned a level 4 spell: Flame Wave
  4152 | D:5      | Entered Level 5 of the Dungeon
  4375 | D:5      | Gained mutation: You expend magic power (3 MP) to
                  | strengthen your wands. [potion of mutation]
  4375 | D:5      | Gained mutation: You have hidden genetic defects. [potion
                  | of mutation]
  4375 | D:5      | Gained mutation: You have an increased reservoir of magic.
                  | (+10% MP) [potion of mutation]
  4380 | D:5      | Found a radiant altar of Vehumet.
  4709 | D:4      | Found an opulent altar of Gozag.
  4712 | D:4      | Found Gozag's Platinum Reserve.
  4725 | D:4      | Gained mutation: You are vulnerable to heat. (rF-) [hidden
                  | defects]
  5210 | D:5      | Found a blossoming altar of Fedhas.
  5275 | D:5      | Gained mutation: Your spells are a little easier to cast,
                  | but a little less powerful. [hidden defects]
  5275 | D:5      | Lost mutation: You have hidden genetic defects. [hidden
                  | defects expressed]
  5367 | D:5      | Lost mutation: You have an increased reservoir of magic.
                  | (+10% MP) [potion of mutation]
  5367 | D:5      | Lost mutation: You expend magic power (3 MP) to strengthen
                  | your wands. [potion of mutation]
  5367 | D:5      | Gained mutation: Your body sometimes deteriorates upon
                  | taking damage. [potion of mutation]
  5367 | D:5      | Gained mutation: You expend magic power (3 MP) to
                  | strengthen your wands. [potion of mutation]
  5452 | D:5      | Identified the +1 pair of gloves of Nihilism {rN+ Int+6}
  5500 | D:5      | Reached XP level 8. HP: 36/46 MP: 5/14
  6398 | D:6      | Learned a level 3 spell: Summon Guardian Golem
  6491 | D:6      | Reached skill level 5 in Fire Magic
  6674 | D:6      | Reached skill level 5 in Spellcasting
  6674 | D:6      | Reached skill level 5 in Conjurations
  6674 | D:6      | Reached skill level 1 in Summonings
  6718 | D:6      | Found a staircase to the Ecumenical Temple.
  6725 | Temple   | Entered the Ecumenical Temple
  6878 | D:6      | Learned a level 3 spell: Ozocubu's Armour
  6959 | D:6      | Identified the +4 long sword of the Sharp God {venom,
                  | Fragile rPois rC+}
  7196 | D:7      | Reached XP level 9. HP: 13/51 MP: 10/16
  7508 | D:7      | Found a snail-covered altar of Cheibriados.
  7562 | D:7      | Noticed Prince Ribbit
  7574 | D:7      | Killed Prince Ribbit
  7575 | D:7      | Reached skill level 1 in Ice Magic
  7706 | D:7      | Found a sparkling altar of Nemelex Xobeh.
  7733 | D:7      | Reached skill level 5 in Dodging
  7740 | D:7      | Reached skill level 1 in Long Blades
  7836 | D:7      | Reached skill level 1 in Fighting
  7983 | D:7      | Found a white marble altar of Elyvilon.
  8446 | D:7      | Found Beetiyrch's CLEARANCE SALE!.
  8615 | D:1      | Bought a ring of magical power for 280 gold pieces
  8862 | D:8      | Found Wuc Faido's Antique Weapon Shop.
  8884 | D:8      | Noticed Maggie
  9462 | D:8      | Shot with a bolt by an orc warrior

Illustrated notes

Levels and vault maps discovered:
D:1:      heliophobic_arrival_ceremonial_halls, layout_loops_ring, serial_shops,
          shop, hellmonk_ecumenical_altar_dog_temple, minmay_pentomino_r4
D:2:      layout_loops_ring, minivault_24, uniq_crazy_yiuf_cottage
D:3:      layout_basic, portal_sewer_entry_d, st_stairs_5, uniq_ijyb
D:4:      layout_basic, nicolae_gozag_zags_fifth_avenue
D:5:      layout_loops_ring, nicolae_vehumet_radiance,
          mainiacjoe_overflow_alcove_1
D:6:      layout_rooms, minmay_temple_entry_metal_lava, due_unseen_surprise
D:7:      layout_loops_ring, lemuel_tele_altar, kennysheep_slug_shrine,
          general_overflow_altar, nicolae_shop_clearance, uniq_prince_ribbit1
D:8:      layout_rooms, led_sif_book, serial_shops, shop, shop, shop,
          nicolae_shop_overgrown_old_shop, nicolae_shop_gibbet_a_chance,
          serial_rivers, chequers_serial_rivers_small_a,
          chequers_serial_rivers_micro_a, chequers_serial_rivers_micro_c,
          chequers_serial_rivers_marsh, uniq_maurice, uniq_maggie
Temple:   minmay_freezing_vapour_temple

Skill      XL: |  1  2  3  4  5  6  7  8  9 |
---------------+----------------------------+-----
Stealth        | 3 4 5 |  5.4
Conjurations   | 2 3 4 5 6 |  6.1
Dodging        | 3 4 5 |  5.2
Spellcasting   | 3 4 5 6 |  6.1
Fire Magic     | 4 5 |  5.7
Hexes          | 1 2 3 4 |  4.0
Summonings     | 1 2 |  2.6
Ice Magic      | 1 |  1.9
Long Blades    | 1 |  1.7
Fighting       | 1 |  1.7

Action                     |  1- 3 |  4- 6 |  7- 9 || total
---------------------------+-------+-------+-------++-------
  Melee: Short sword       |    39 |     7 |       ||    46
         Constrict         |     5 |     8 |    16 ||    29
         Tentacles         |     7 |     7 |    15 ||    29
         Quarterstaff      |       |    19 |       ||    19
         Punch             |       |     1 |     1 ||     2
         Dagger            |       |     8 |    55 ||    63
         Long sword        |       |       |    19 ||    19
   Cast: Foxfire           |    25 |   105 |   142 ||   272
         Scorch            |       |     7 |    41 ||    48
         Inner Flame       |       |     2 |    22 ||    24
         Flame Wave        |       |       |    11 ||    11
         Summon Guardian G |       |       |     1 ||     1
         Ozocubu's Armour  |       |       |     1 ||     1
  Evoke: Wand              |       |       |     1 ||     1
    Use: Potion            |       |     2 |    11 ||    13
         Scroll            |       |       |    11 ||    11
   Stab: Sleeping          |    13 |     5 |    11 ||    29
         Invisible         |       |       |     1 ||     1
 Armour: Skin              |    15 |    23 |   111 ||   149
  Dodge: Dodged            |    11 |    29 |   149 ||   189

Table legend: (Time is in decaauts)
 A = Elapsed time spent in this place.
 B = Non-inter-level travel time spent in this place.
 C = Inter-level travel time spent in this place.
 D = Time resting spent in this place.
 E = Time spent auto-exploring this place.
 F = Levels seen in this place.
 G = Mean time per level.
                   A        B        C        D        E       F      G
               +--------+--------+--------+--------+--------+-----+--------+
         Total |   9482 |   9011 |    471 |   1186 |   5654 |  10 |  948.2 |
       Dungeon |   8853 |   8382 |    471 |   1186 |   5205 |   8 | 1106.6 |
        Temple |      1 |      1 |      0 |      0 |      0 |   1 |    1.0 |
         Sewer |    627 |    627 |      0 |      0 |    449 |   1 |  627.0 |
               +--------+--------+--------+--------+--------+-----+--------+

Top non-repeatable levels by time:
     D:7: 2033 daAuts
     D:5: 1343 daAuts
     D:3: 1250 daAuts
     D:2: 1155 daAuts
     D:4: 1133 daAuts
     D:1: 1101 daAuts
     D:6: 786 daAuts
   Sewer: 627 daAuts
     D:8: 49 daAuts
  Temple: 1 daAuts
